 Dungeon Crawl Stone Soup version 0.17-a0-1-g1f4be75 (webtiles) character file.

37 Speissi the Skirmisher (level 3, -5/31 HPs)
             Began as a Demonspawn Chaos Knight on Mar 6, 2015.
             Killed from afar by Sigmund (10 damage)
             ... with a puff of flame
             ... on level 2 of the Dungeon.
             The game lasted 00:04:29 (1286 turns).

Speissi the Skirmisher (Demonspawn Chaos Knight)    Turns: 1286, Time: 00:04:29

Health: -5/31      AC:  5    Str: 13    XL:     3   Next: 23%
Magic:  3/3        EV: 11    Int: 13    God:    Xom [....*.]
Gold:   69         SH:  0    Dex: 12    Spells: 0 memorised, 2 levels left

rFire  . . .     SeeInvis .     j - +2 hand axe (chop)
rCold  + . .     Clarity  .     b - +2 leather armour
rNeg   . . .     SustAb   .     (no shield)
rPois  .         Gourm    .     (no helmet)
rElec  .         Spirit   .     (no cloak)
rCorr  .         Warding  .     (no gloves)
rMut   .         Stasis   .     (no boots)
MR     .....                    (no amulet)
Stlth  +.........               (no ring)
                                p - ring of flight

@: confused, not resistant to hostile enchantments, very unstealthy
A: talons 1, cold resistance 1, powered by death 1, robust 1
a: Renounce Religion, Evoke Flight


You were on level 2 of the Dungeon.
You worshipped Xom.
You were a beloved toy of Xom.
You were hungry.

You visited 1 branch of the dungeon, and saw 2 of its levels.

You collected 69 gold pieces.

Inventory:

Hand weapons
 a - a +0 falchion of chaos
 j - a +2 hand axe of chopping (weapon)
Armour
 b - a +2 leather armour (worn)
Jewellery
 p - a ring of flight (left hand)
Scrolls
 d - a scroll of remove curse {unknown}
 f - a scroll of fear {unknown}
 g - a scroll of amnesia {unknown}
 k - 4 scrolls of enchant armour {unknown}
 m - a scroll of recharging {unknown}
 n - 6 scrolls of identify {unknown}
 q - a scroll of immolation {unknown}
Potions
 e - a potion of resistance {unknown}
 i - a potion of flight {unknown}
 l - a potion of curing {unknown}
 r - a potion of magic {unknown}
Comestibles
 c - a bread ration
 h - 3 meat rations
 o - a slice of pizza


   Skills:
 + Level 3.6 Fighting
 - Level 3.0 Long Blades
 + Level 1.8 Armour
 + Level 1.6 Dodging
 + Level 0.2 Stealth


You had 2 spell levels left.
You didn't know any spells.

Dungeon Overview and Level Annotations

Branches:
Dungeon (2/15)

Altars:
Xom
The Shining One

Annotations:
D:2 Sigmund


Innate Abilities, Weirdness & Mutations

You can steal the life force of nearby defeated enemies.
You have sharp toenails.
Your flesh is cold resistant.
You are robust (+10% HP).


Message History

You hear some strange, mumbled words.
Something tries to affect you, but you resist.
Something hits you.
You barely miss something. You claw something. Your headbutt misses something.
Something hits you.
You hit something. Your kick misses something.
Your horns disappear.
You hit something. Something hits you.
* * * LOW HITPOINT WARNING * * *
You hit something. You claw something. Something hits you.
* * * LOW HITPOINT WARNING * * *
You hit something. You claw something.
You hear some strange, mumbled words.
You are confused.
You barely miss something. Something hits you.
* * * LOW HITPOINT WARNING * * *
You hear some strange, mumbled words.
A puff of flame appears from out of thin air!
The puff of flame hits you!
You die...

..........<.#######.#
#.>##.# .#########.##
#..####.###.# ##
#########.##....# ###
#.........####
#.......### #.......#
#.......# #.......#
#...@...# #.......#
#....{..# #.......#
#.......# #########


There were no monsters in sight!

Vanquished Creatures
  An adder (D:2)
  An ooze (D:2)
  2 bats (D:1)
  A giant cockroach (D:1)
  2 hobgoblins
  7 jackals (D:2)
  5 kobolds (D:1)
  A ball python (D:2)
  2 giant newts
  A goblin (D:1)
  2 rats (D:1)
25 creatures vanquished.

Notes
Turn   | Place    | Note
--------------------------------------------------------------
     0 | D:1      | Speissi, the Demonspawn Chaos Knight, began the quest for the Orb.
     0 | D:1      | Reached XP level 1. HP: 18/18 MP: 1/1
     6 | D:1      | XOM: silly message
    40 | D:1      | XOM: potion effect (berserk rage)
   161 | D:1      | XOM: harmless Hex miscast
   231 | D:1      | Gained mutation: You can steal the life force of nearby defeated enemies. [demonic ancestry]
   231 | D:1      | Reached XP level 2. HP: 24/24 MP: 2/2
   372 | D:1      | XOM: 8-stop teleportation journey
   547 | D:1      | Reached skill level 1 in Dodging
   551 | D:1      | XOM: give mutations
   551 | D:1      | Gained mutation: You are robust (+10% HP). [Xom's grace]
   551 | D:1      | Gained mutation: You have sharp toenails. [Xom's grace]
   551 | D:1      | Gained mutation: Your flesh is cold resistant. [Xom's grace]
   603 | D:1      | XOM: god gift: 8 silver bolts
   621 | D:1      | XOM: scenery: create altars
   828 | D:2      | Found a glowing golden altar of the Shining One.
   828 | D:2      | XOM: 1-stop teleportation journey
  1071 | D:2      | XOM: smoke on damage
  1075 | D:2      | Reached XP level 3. HP: 21/31 MP: 3/3
  1222 | D:2      | XOM: cast spell 'Beastly Appendage'
  1274 | D:2      | Noticed Sigmund
  1286 | D:2      | Killed from afar by Sigmund

Action                   || total
-------------------------++-------
Melee: Falchion          ||    24
       Hand axe          ||    36
 Stab: Confused          ||     1
  Eat: Chunk             ||     1
